 Dungeon Crawl Stone Soup version 0.20.1-1-g8b1a95d (webtiles) character file.

41 tidbits the Changer (level 3, 0/27 HPs)
             Began as a Demigod Transmuter on Aug 11, 2017.
             Killed by nerve-wracking pain
             ... invoked by an orc priest
              (14 damage)
             ... on level 3 of the Dungeon.
             The game lasted 00:04:17 (510 turns).

tidbits the Changer (Demigod Transmuter)             Turns: 510, Time: 00:04:18

Health: 0/27       AC: 11    Str: 13    XL:     3   Next: 16%
Magic:  6/8        EV: 12    Int: 19    God:
Gold:   69         SH:  0    Dex: 16    Spells: 3/6 levels left

rFire    + . .     SeeInvis .   f - +0 dagger (protect)
rCold    . . .     Gourm    .   (no shield)
rNeg     . . .     Faith    .   B - +2 robe {rF+}
rPois    .         Spirit   .   (no helmet)
rElec    .         Reflect  .   (no cloak)
rCorr    .         Harm     .   (no gloves)
MR       .....                  (no boots)
Stlth    ++........             (no amulet)
Regen    0.1/turn               (no ring)
MPRegen  0.2/turn               (no ring)

@: protection aura
A: high mp 1
a: no special abilities


You were on level 3 of the Dungeon.
You were not hungry.

You visited 1 branch of the dungeon, and saw 3 of its levels.

You collected 69 gold pieces.

Inventory:

Hand Weapons
 f - a +0 dagger of protection (weapon)
   (You took it off a goblin on level 1 of the Dungeon)
Missiles
 a - 7 arrows
 e - 22 poisoned needles
Armour
 k - a +0 scale mail
 B - a +2 robe of fire resistance (worn)
   (You took it off Jessica on level 3 of the Dungeon)
Potions
 g - a potion of agility {unknown}
 j - a potion of curing
Books
 c - a book of Changes

   Spells                             Type                      Level
   a - Beastly Appendage              Transmutation                1
   b - Sticks to Snakes               Transmutation                2
   c - Spider Form                    Transmutation/Poison         3
   d - Ice Form                       Ice/Transmutation            4
   e - Blade Hands                    Transmutation                5
Comestibles
 d - 2 bread rations
 h - a meat ration
 i - 3 fruits


   Skills:
 - Level 0.8 Fighting
 - Level 1.7 Dodging
 - Level 1.0 Stealth
 - Level 2.7 Unarmed Combat
 + Level 2.2 Spellcasting
 + Level 2.8 Transmutations


You had 3 spell levels left.
You knew the following spells:

 Your Spells              Type           Power        Failure   Level  Hunger
e - Beastly Appendage     Tmut           ##....       5%          1    #......
k - Sticks to Snakes      Tmut           ##......     8%          2    ##.....


Dungeon Overview and Level Annotations

Branches:
Dungeon (3/15)

Annotations:
D:3 Feta's ghost, amateur FoFi


Innate Abilities, Weirdness & Mutations

You have an increased reservoir of magic. (+10% MP)


Message History

You swap places.
A hobgoblin comes into view.
Feta's ghost (amateur Formicid Fighter) comes into view.
The hobgoblin shouts!
Found a ring mail and a club.
You swap places.
Your adder withers and dies!
Things that are here:
a +0 robe; the human corpse of Jessica
There is a shaft here.
You see here a leather armour.
There is a stone staircase leading up here.
Okay, then.
Okay, then.
You can't go down here!
You climb upwards.
There is a stone staircase leading down here.
You open the door.
There is an open door here.
There is a stone staircase leading down here.
You climb downwards.
Level annotation: Feta's ghost, amateur FoFi
There is a stone staircase leading up here. 2 orcs come into view.
The orc shouts!
The orc shouts!
An orc priest comes into view. It is wielding a mace.
The orc priest moves out of view.
There is a stone staircase leading up here.
You barely miss the orc. The orc completely misses you.
You hit the orc.
Your weapon exudes an aura of protection.
The orc is lightly wounded.
The orc closely misses you.
You closely miss the orc.
The orc is lightly wounded.
The orc barely misses you.
You hit the orc but do no damage.
The orc is lightly wounded.
The orc closely misses you.
You barely miss the orc.
The orc is lightly wounded.
The orc hits you.
You closely miss the orc.
The orc is lightly wounded.
The orc priest shouts!
The orc barely misses you. The orc hits you.
You climb upwards.
There is a stone staircase leading down here.
You hit the orc.
Your weapon exudes an aura of protection.
The orc is moderately wounded.
The orc hits you but does no damage.
You hit the orc but do no damage.
The orc is moderately wounded.
The orc hits you.
You hit the orc.
The orc is severely wounded.
The orc barely misses you.
You hit the orc.
You kill the orc!
You climb downwards.
Level annotation: Feta's ghost, amateur FoFi The orc barely misses you.
There is a stone staircase leading up here.
The orc hits you but does no damage.
You climb upwards.
There is a stone staircase leading down here.
You hit the orc.
Your weapon exudes an aura of protection.
The orc is heavily wounded.
The orc closely misses you.
You hit the orc.
You kill the orc!
You climb downwards.
Level annotation: Feta's ghost, amateur FoFi
There is a stone staircase leading up here.
Casting: Sticks to Snakes
Confirm with . or Enter, or press ? or * to list all spells.
You create a snake!
You now have 7 arrows.
The orc priest hits you with a mace!
You hit the orc priest.
The orc priest is lightly wounded.
The orc priest closely misses you.
Your ball python bites the orc priest but does no damage.
Your ball python grabs the orc priest.
Your ball python constricts the orc priest.
You hit the orc priest but do no damage.
The orc priest is lightly wounded.
Your ball python bites the orc priest.
Your ball python constricts the orc priest.
The orc priest barely misses you.
You hit the orc priest but do no damage.
The orc priest is moderately wounded.
Your ball python bites the orc priest but does no damage.
Your ball python constricts the orc priest.
The orc priest calls down the wrath of Beogh upon you.
Pain shoots through your body!
Ouch! That really hurt!
You die...

#####
#@oS#
###.#
#.#
#.#
#o#
#o#
#.#
#.#
#.#


You could see an orc priest and a friendly ball python.

Vanquished Creatures
  A worm (D:2)
  2 orcs (D:2)
  2 bats
  A giant cockroach (D:2)
  A hobgoblin (D:2)
  2 jackals (D:2)
  A ball python (D:2)
  A frilled lizard (D:1)
  2 goblins (D:1)
  3 kobolds
  A rat (D:1)
17 creatures vanquished.

Vanquished Creatures (collateral kills)
  Jessica (D:3)
  A goblin (D:2)
  A kobold (D:2)
3 creatures vanquished.

Grand Total: 20 creatures vanquished

Notes
Turn   | Place    | Note
-------+----------+-------------------------------------------
     0 | D:1      | tidbits the Demigod Transmuter began the quest for the Orb.
     0 | D:1      | Reached XP level 1. HP: 15/15 MP: 5/5
   119 | D:2      | Reached skill level 1 in Stealth
   139 | D:2      | Reached skill level 2 in Transmutations
   192 | D:2      | Reached XP level 2. HP: 22/22 MP: 7/7
   196 | D:2      | Learned a level 2 spell: Sticks to Snakes
   369 | D:3      | Noticed Jessica
   388 | D:3      | Killed Jessica
   388 | D:3      | Reached skill level 2 in Spellcasting
   388 | D:3      | Reached XP level 3. HP: 15/27 MP: 2/8
   412 | D:3      | Noticed Feta's ghost (amateur FoFi)
   510 | D:3      | Killed from afar by an orc priest

Skill      XL: |  1  2 |
---------------+-------+-----
Stealth        | 1 |  1.0
Transmutations | 2 |  2.8
Spellcasting   | 2 |  2.2
Fighting       | |  0.8
Dodging        | |  1.7
Unarmed Combat | |  2.7

Action                   || total
-------------------------++-------
Melee: Dagger            ||    76
       Unarmed           ||     6
 Cast: Beastly Appendage ||     3
       Sticks to Snakes  ||     6
 Stab: Sleeping          ||     3
Armor: Robe              ||    14
Dodge: Dodged            ||    51

Table legend:
 A = Turns spent in this place as a percentage of turns spent in the entire game.
 B = Non-inter-level travel turns spent in this place as a percentage of non-inter-level travel turns spent in the entire game.
 C = Inter-level travel turns spent in this place as a percentage of turns spent in this place.
 D = Turns resting spent in this place as a percentage of non-inter-level travel turns spent in this place.
 E = Turns spent auto-exploring this place as a percentage of non-inter-level travel turns spent in this place.
 F = Non-inter-level travel turns spent in this place divided by the number of levels of this place that you've seen.
                   A       B       C       D       E      F
               +-------+-------+-------+-------+-------+----------------------
         Total | 100.0 | 100.0 |   0.0 |   0.0 |   0.0 | 157.7
       Dungeon | 100.0 | 100.0 |   0.0 |   0.0 |   0.0 | 157.7
               +-------+-------+-------+-------+-------+----------------------

Table legend:
 A = Kills in this place as a percentage of kills in entire the game.
 B = Kills by you in this place as a percentage of kills by you in the entire game.
 C = Kills by friends in this place as a percentage of kills by friends in the entire game.
 D = Other kills in this place as a percentage of other kills in the entire game.
 E = Experience gained in this place as a percentage of experience gained in the entire game.
 F = Experience gained in this place divided by the number of levels of this place that you have seen.
                   A       B       C       D       E      F
               +-------+-------+-------+-------+-------+----------------------
         Total | 100.0 | 100.0 | 100.0 |  -nan | 100.0 |  19.7
       Dungeon | 100.0 | 100.0 | 100.0 |  -nan | 100.0 |  19.7
               +-------+-------+-------+-------+-------+----------------------

Vault maps used:
D:1:      dpeg_arrival_boxorama, minmay_tree_intersection, minmay_lizard_king
D:2:      uniq_crazy_yiuf_cottage
D:3:      eat_drink_and_be_merry_uskayaw, old_standard_altar, first_bread,
          uniq_jessica, uniq_natasha
